 Dungeon Crawl Stone Soup version 0.30-a0-358-g0d69a1922f (webtiles) character file.

Game seed: 14657026651108165638

32 Manisia the Sneak (level 3, -5/16 HPs)
             Began as a Spriggan Enchanter on Nov 10, 2022.
             Killed from afar by Sigmund (7 damage)
             ... with a magic dart
             ... on level 2 of the Dungeon.
             The game lasted 00:02:48 (1123 turns).

Manisia the Sneak (Spriggan Enchanter)              Turns: 1123, Time: 00:02:49

Health: -5/16      AC:  2    Str:  4    XL:     3   Next: 8%
Magic:  1/8        EV: 17    Int: 16    God:
Gold:   71         SH:  0    Dex: 17    Spells: 6/8 levels left

rFire   . . .      SeeInvis +    d - +0 short sword (drain)
rCold   . . .      Faith    .    (no shield)
rNeg    . . .      Spirit   .    b - +0 robe
rPois   .          Reflect  .    (helmet restricted)
rElec   .          Harm     .    (no cloak)
rCorr   +          Rampage  .    (gloves unavailable)
Will    .....                    (boots unavailable)
Stlth   +++.......               (no amulet)
HPRegen 0.22/turn                e - ring of resist corrosion
MPRegen 0.11/turn                (no ring)

@: very slightly contaminated, very quick
A: very small, no large weapons, unfitting armour, see invisible, speed 3
a: no special abilities


You were on level 2 of the Dungeon.
You visited 1 branch of the dungeon, and saw 2 of its levels.

You collected 71 gold pieces.

Inventory:

Hand Weapons
 a - a +1 dagger
 d - a +0 short sword of draining (weapon)
 i - a +0 dagger
Armour
 b - a +0 robe (worn)
Jewellery
 e - a ring of resist corrosion (left hand)
Potions
 c - 3 potions of invisibility
 f - 2 potions of curing {unknown}
 g - 4 potions of brilliance
 h - 2 potions of degeneration
 j - a potion of heal wounds {unknown}


   Skills:
 + Level 0.1 Fighting
 * Level 1.3 Short Blades
 + Level 2.8 Dodging
 - Level 5.0 Stealth
 + Level 3.1 Spellcasting
 + Level 4.1 Hexes
 + Level 0.4 Ice Magic


You had 6 spell levels left.
You knew the following spells:

 Your Spells              Type           Power      Damage    Failure   Level
a - Ensorcelled Hibernat  Hex/Ice        18%        N/A       11%         2

Your spell library contained the following spells:

 Spells                   Type           Power      Damage    Failure   Level
 Confusing Touch          Hex            15%        N/A       10%         3
 Tukima's Dance           Hex            15%        N/A       10%         3
 Dazzling Flash           Conj/Hex       18%        N/A       24%         3


Dungeon Overview and Level Annotations

Branches:
Dungeon (2/15)

Altars:

Annotations:
D:2 Sigmund


Innate Abilities, Weirdness & Mutations

You are very small and have problems with some larger weapons.
You are too small for most types of armour.
You have supernaturally acute eyesight. (SInv)
You cover ground extremely quickly. (Speed+++)


Message History

Confirm with . or Enter, or press ? or * to list all spells.
Aiming: Ensorcelled Hibernation (safe; 11% risk of failure)
Press: ? - help, Shift-Dir - straight line, f - Sigmund
Aim: Sigmund, wielding a +0 scythe and wearing a +2 robe of willpower (almost dead, heavily drained, chance to affect: 22%) Sigmund resists with almost no effort.
Sigmund closely misses you.
Casting: Ensorcelled Hibernation (safe; 11% risk of failure)
Confirm with . or Enter, or press ? or * to list all spells.
Aiming: Ensorcelled Hibernation (safe; 11% risk of failure)
Press: ? - help, Shift-Dir - straight line, f/p - Sigmund
Aim: Sigmund, wielding a +0 scythe and wearing a +2 robe of willpower (almost dead, heavily drained, chance to affect: 22%) Sigmund resists with almost no effort.
Sigmund casts a spell at you. The magic dart hits you.
* * * LOW HITPOINT WARNING * * *
Sigmund closely misses you.
Casting: Ensorcelled Hibernation (safe; 11% risk of failure)
Confirm with . or Enter, or press ? or * to list all spells.
Aiming: Ensorcelled Hibernation (safe; 11% risk of failure)
Press: ? - help, Shift-Dir - straight line, f/p - Sigmund
Aim: Sigmund, wielding a +0 scythe and wearing a +2 robe of willpower (almost dead, heavily drained, chance to affect: 22%) Sigmund resists with almost no effort.
Sigmund says, "You will soon forget everything."
Sigmund casts a spell at you. You resist with some effort.
Unknown command.
Casting: Ensorcelled Hibernation (safe; 11% risk of failure)
Confirm with . or Enter, or press ? or * to list all spells.
Aiming: Ensorcelled Hibernation (safe; 11% risk of failure)
Press: ? - help, Shift-Dir - straight line, f/p - Sigmund
Aim: Sigmund, wielding a +0 scythe and wearing a +2 robe of willpower (almost dead, heavily drained, chance to affect: 22%)
You miscast Ensorcelled Hibernation.
You are very lightly contaminated with residual magic.
Nothing appears to happen.
Sigmund casts a spell.
Sigmund flickers and vanishes for a moment.
Sigmund barely misses you.
Unknown command.
Sigmund casts a spell at you. The magic dart hits you!
You die...

#.# #.# # #.# #.# #. #.#
#.# ### .# ######.#####
#.# .... .##..........#
#.# ..... #.#.####.###.#
#.#
......#.#.####.###.####.##
#....@.........#.......†
#......##@####............
#.###<......##.>.#.######.
#.......##...#.# #.
...............#.# #)
.##.......###..#.# #.
#..............# #.
#..#######...### #. ....
#..#########. ..#
#..#.........


You could see Sigmund (invisible, very drained).

Vanquished Creatures
  A worm (D:2)
  A dart slug (D:2)
  3 endoplasms (D:1)
  2 giant cockroaches (D:1)
  3 goblins (D:1)
  A hobgoblin (D:1)
  2 quokkas
  4 ball pythons
  A kobold (D:2)
  9 rats
27 creatures vanquished.

Vanquished Creatures (others)
  A bat (D:1)
1 creature vanquished.

Grand Total: 28 creatures vanquished

Notes
Turn   | Place    | Note
-------+----------+-------------------------------------------
     0 | D:1      | Manisia the Spriggan Enchanter began the quest for the Orb.
     0 | D:1      | Reached XP level 1. HP: 9/9 MP: 5/5
   249 | D:1      | Reached XP level 2. HP: 11/13 MP: 6/6
   252 | D:1      | Learned a level 2 spell: Ensorcelled Hibernation
   819 | D:2      | Reached skill level 5 in Stealth
  1007 | D:2      | Reached XP level 3. HP: 16/16 MP: 4/8
  1110 | D:2      | Noticed Sigmund
  1123 | D:2      | Killed from afar by Sigmund

Illustrated notes

Levels and vault maps discovered:
D:1:      lightli_arrival_chessboard, layout_loops_ring, lemuel_flame_loot_1
D:2:      layout_loops_ring, minmay_indecisive_spiral, uniq_sigmund

Skill      XL: |  1  2 |
---------------+-------+-----
Hexes          | 4 |  4.1
Stealth        | 5 |  5.0
Spellcasting   | 3 |  3.1
Fighting       | |  0.1
Short Blades   | |  1.3
Dodging        | |  2.8
Ice Magic      | |  0.4

Action                   || total
-------------------------++-------
Melee: Dagger            ||    51
       Punch             ||     2
       Short sword       ||     3
 Cast: Ensorcelled Hiber ||    19
  Use: Scroll            ||     3
 Stab: Sleeping          ||    18
       Distracted        ||     1
Armor: Robe              ||     4
Dodge: Dodged            ||    41

Table legend: (Time is in decaauts)
 A = Elapsed time spent in this place.
 B = Non-inter-level travel time spent in this place.
 C = Inter-level travel time spent in this place.
 D = Time resting spent in this place.
 E = Time spent auto-exploring this place.
 F = Levels seen in this place.
 G = Mean time per level.
                   A        B        C        D        E       F      G
               +--------+--------+--------+--------+--------+-----+--------+
         Total |    839 |    833 |      6 |      0 |    661 |   2 |  419.5 |
       Dungeon |    839 |    833 |      6 |      0 |    661 |   2 |  419.5 |
               +--------+--------+--------+--------+--------+-----+--------+

Top non-repeatable levels by time:
     D:1: 541 daAuts
     D:2: 297 daAuts
